 Dungeon Crawl Stone Soup version 0.26.0-10-g1f06aea511 (webtiles) character file.

Game seed: 4714727303106839831

108475 Amaterasu the Severer (level 16, -9/160 HPs)
             Began as a Deep Dwarf Fighter on Jan 29, 2021.
             Was the Champion of Makhleb.
             Killed from afar by a deep elf mage (36 damage)
             ... with a stone arrow
             ... on level 15 of the Dungeon.
             The game lasted 00:42:16 (17886 turns).

Amaterasu the Severer (Deep Dwarf Fighter)         Turns: 17886, Time: 00:42:16

Health: -9/160     AC: 17    Str: 26    XL:     16   Next: 2%
Magic:  23/23      EV: 11    Int: 12    God:    Makhleb [******]
Gold:   1974       SH:  5    Dex: 12    Spells: 15/15 levels left

rFire    . . .     SeeInvis +   S - +3 battleaxe (venom)
rCold    + . .     Faith    .   (shield currently unavailable)
rNeg     + . .     Spirit   .   p - +0 plate armour
rPois    .         Reflect  +   K - +2 hat {SInv}
rElec    .         Harm     .   (no cloak)
rCorr    .         Rampage  .   (no gloves)
Will     ++...                  (no boots)
Stlth    ..........             u - amulet of reflection
HPRegen  0.00/turn              r - ring of Huebron {rC+ Int+2}
MPRegen  0.18/turn              L - +4 ring of slaying

@: non-regenerating
A: damage resistance, heal wounds, negative energy resistance 1, sense
surroundings 2, no regeneration
a: Heal Wounds, Renounce Religion, Minor Destruction, Lesser Servant of Makhleb,
Major Destruction, Greater Servant of Makhleb


You were on level 15 of the Dungeon.
You worshipped Makhleb.
Makhleb was exalted by your worship.
You visited 2 branches of the dungeon, and saw 21 of its levels.
You visited 1 bazaar.
You also visited: Ossuary and Ice Cave.

You collected 1974 gold pieces.

Inventory:

Hand Weapons
 v - a +1 war axe of electrocution
 I - a +0 broad axe
 S - a +3 battleaxe of venom (weapon)
Missiles
 J - 9 javelins
Armour
 p - a +0 plate armour (worn)
 K - a +2 hat of see invisible (worn)
 T - a +1 kite shield of cold resistance
Jewellery
 b - an uncursed ring of flight
 d - an uncursed ring of poison resistance
 g - an uncursed ring of stealth
 q - an uncursed ring of positive energy {unknown}
 r - the ring of Huebron (left hand) {rC+ Int+2}
   (You acquired it on level 6 of the Dungeon)

   [ring of protection from cold]

   It affects your intelligence (+2).
   It protects you from cold.
 t - an uncursed amulet of faith
 u - an amulet of reflection (around neck)
 y - an uncursed ring of protection from fire
 L - a +4 ring of slaying (right hand)
 M - an uncursed amulet of regeneration {unknown}
 P - an uncursed ring of resist corrosion
Wands
 A - a wand of random effects (18)
 C - a wand of paralysis (20)
 D - a wand of flame (4)
 O - a wand of enslavement (6)
Scrolls
 a - 2 scrolls of fog
 i - 11 scrolls of remove curse
 j - 3 scrolls of enchant weapon
 m - 4 scrolls of amnesia
 o - 3 scrolls of blinking
 s - 12 scrolls of teleportation
 x - 3 scrolls of fear
 E - 3 scrolls of magic mapping
Potions
 c - a potion of mutation
 e - 6 potions of heal wounds
 f - 2 potions of invisibility
 h - 7 potions of curing
 k - 5 potions of lignification
 l - 6 potions of flight
 n - a potion of berserk rage {unknown}
 w - 3 potions of magic {unknown}
 z - 2 potions of brilliance {unknown}
 B - 2 potions of resistance {unknown}
 F - 4 potions of haste {unknown}
 N - 4 potions of might
Miscellaneous
 G - a phantom mirror
 H - a condenser vane


   Skills:
 * Level 14.7 Fighting
 * Level 17.1 Axes
 * Level 11.7 Armour
 * Level 7.9 Dodging
 - Level 3.2 Shields
 - Level 12.0 Invocations
 - Level 12.0 Evocations


You had 15 spell levels left.
You didn't know any spells.
Your spell library contained the following spells:

 Spells                   Type           Power        Failure   Level
 Apportation              Tloc           0%           95%         1
 Beastly Appendage        Tmut           0%           95%         1
 Corona                   Hex            0%           95%         1
 Magic Dart               Conj           0%           95%         1
 Blink                    Tloc           N/A          99%         2
 Call Imp                 Summ           0%           99%         2
 Ensorcelled Hibernation  Hex/Ice        0%           99%         2
 Slow                     Hex            0%           99%         2
 Wereblood                Tmut           0%           99%         2
 Conjure Flame            Conj/Fire      0%           100%        3
 Inner Flame              Hex/Fire       0%           100%        3
 Lesser Beckoning         Tloc           0%           100%        3
 Mephitic Cloud           Conj/Pois/Air  0%           100%        3
 Portal Projectile        Hex/Tloc       0%           100%        3
 Spider Form              Tmut/Pois      0%           100%        3
 Tukima's Dance           Hex            0%           100%        3
 Cause Fear               Hex            0%           100%        4
 Ice Form                 Ice/Tmut       0%           100%        4
 Leda's Liquefaction      Hex/Erth       0%           100%        4
 Alistair's Intoxication  Tmut/Pois      0%           100%        5
 Blade Hands              Tmut           0%           100%        5
 Bolt of Magma            Conj/Fire/Erth 0%           100%        5
 Borgnjor's Vile Clutch   Necr/Erth      0%           100%        5
 Iskenderun's Battlesphe  Conj           0%           100%        5
 Silence                  Hex/Air        0%           100%        5
 Invisibility             Hex            0%           100%        6
 Iron Shot                Conj/Erth      0%           100%        6
 Shadow Creatures         Summ           N/A          100%        6
 Orb of Destruction       Conj           0%           100%        7
 Spellforged Servitor     Conj/Summ      0%           100%        7


Dungeon Overview and Level Annotations

Branches:
Dungeon (15/15)            Temple (0/1) D:4            Lair (6/6) D:9
 Shoals (0/4) Lair:4       Spider (0/4) Lair:2        Slime (0/5) Lair:6
    Orc (0/2) D:12         Vaults (0/5) D:13        Ossuary (visited)
  IceCv (visited)
 Depths: D:15

Altars:
Fedhas
Hepliaklqana
Kikubaaqudgha
Makhleb
Nemelex Xobeh
Qazlal
Zin
Jiyva

Shops:
D:4 ?   D:7 :

Portals:
Trove: D:14 (give +2 gold dragon scales)

Annotations:
D:7 1 runed translucent door
Lair:2 exclusion: oklob plant


Innate Abilities, Weirdness & Mutations

You are resistant to damage.
You can heal yourself by infusing magical energy.
You resist negative energy. (rN+)
You passively map the area around you.
You do not regenerate.


Message History

Things that are here:
a +0 long sword; an elf corpse; a shapeshifter corpse A deep elf mage and a deep elf archer come into view.
The deep elf archer unwields a +0 dagger.
The deep elf archer wields a +0 longbow.
The deep elf archer shoots an arrow.
You reflect the arrow off an invisible shield around you!
The arrow barely misses the deep elf archer.
Found an arrow.
The deep elf mage gestures wildly while chanting.
The deep elf archer shoots an arrow.
The arrow hits you!!
* * * LOW HITPOINT WARNING * * *
You see here an arrow.
A deep elf archer comes into view. It is wielding a +0 short sword.
The deep elf archer shoots an arrow.
The arrow hits you.
* * * LOW HITPOINT WARNING * * *
You see here an arrow.
The deep elf mage points at you and mumbles some strange words.
The stone arrow hits you!!!
You die...

* *, , 8 ≈
#. ## ≈ ,
*#,..#e.##
, #. E....#
,≈
#....e..# ≈
#E.#.#..* ≈
#..e...## *
≈ #..#.#..#
* **
#....@..# *
*
*#.....(.#
* , ,
#..##.(.#
*,,*
#..#.#.##
,* , *
#...##..#
*, ,
#.......#
,,,
#.....).# *
* ,
*#.##.).##
, ,**+
+**#.#.#..#


You could see 2 earth elementals and a deep elf mage.

Vanquished Creatures
  Rupert (D:12)
  Gastronok (Lair:1)
  Frances (D:12)
  A tengu reaver (D:11)
  2 storm dragons (D:11)
  A frost giant (IceCv)
  An ironheart preserver (D:13)
  An ettin (D:14)
  The ghost of septik the Cleaver, a journeyman MiBe of Trog (D:12)
  9 hydras
  A catoblepas (Lair:4)
  4 centaur warriors
  A tengu warrior (D:13)
  5 two-headed ogres
  A deep troll earth mage (D:11)
  Nergalle (D:10)
  3 skeletal warriors (D:12)
  A wizard (D:13)
  A lindwurm (Lair:6)
  2 deep elf magi (D:15)
  4 cyclopes
  9 ugly things
  A manticore (D:14)
  32 elephants
  A black mamba (Lair:4)
  26 cane toads
  An ice statue (IceCv)
  A torpor snail (Lair:5)
  3 centaur skeletons
  3 gargoyles
  14 komodo dragons
  2 kobold demonologists
  A rime drake (Lair:3)
  5 trolls
  15 polar bears
  3 tyrant leeches (Lair:6)
  3 dream sheep (Lair:5)
  10 slime creatures
  30 blink frogs
  A meliai zombie (D:14)
  Sigmund (D:3)
  11 wyverns
  2 vampires
  3 wraiths
  2 shadows (D:14)
  4 basilisks
  80 yaks
  10 vampire mosquitoes
  A steam dragon (D:9)
  A soldier ant (shapeshifter) (D:15)
  14 water moccasins
  7 orc warriors
  5 ice beasts
  2 sky beasts
  2 eyes of draining (D:13)
  7 phantoms
  4 black bears
  3 necrophages
  5 ogres
  6 centaurs
  29 wolves
  A big kobold (D:14)
  41 bullfrogs
  A gnoll sergeant (D:9)
  A wyvern zombie (D:9)
  8 scorpions
  17 wights
  16 killer bees
  14 howler monkeys
  2 electric eels (Lair:6)
  5 centaur zombies
  3 bullfrog zombies
  4 quasits
  10 hounds
  3 human zombies
  9 orc priests
  4 bullfrog skeletons
  A jelly (D:12)
  4 iguanas
  10 orc wizards
  14 worker ants
  2 mummies (Ossuary)
  3 gnolls (D:5)
  21 adders
  A howler monkey skeleton (D:4)
  A shadow imp (D:5)
  2 white imps (D:9)
  3 ufetubi
  An ooze (D:4)
  4 adder zombies
  A worm zombie (D:4)
  4 adder skeletons
  2 worms (D:5)
  2 dart slugs
  6 leopard geckos
  57 orcs
  3 ball pythons
  10 giant cockroaches
  2 gnoll zombies (D:4)
  4 goblins
  7 hobgoblins
  18 jackals
  8 quokkas
  3 bats
  6 frilled lizards
  2 goblin zombies (Ossuary)
  13 hobgoblin zombies (Ossuary)
  A jackal skeleton (D:6)
  8 kobolds
  9 kobold zombies (Ossuary)
  A leopard gecko zombie (D:6)
  7 orc zombies (Ossuary)
  2 quokka skeletons (D:4)
  A quokka zombie (D:6)
  7 rats
  2 rat zombies (Ossuary)
  A toadstool (D:1)
796 creatures vanquished.

Vanquished Creatures (collateral kills)
  2 hydras
  A torpor snail (Lair:4)
  3 cane toads
  3 yaks (Lair:4)
  Grum (D:8)
  An ice beast (D:8)
  An ogre (D:9)
  2 wolves (D:8)
  2 centaurs
  A bullfrog (Lair:4)
  A hound (D:8)
  An adder (D:8)
  An orc (D:8)
20 creatures vanquished.

Vanquished Creatures (others)
  A hydra (Lair:4)
  53 fungi
  128 plants
  3 toadstools (D:1)
185 creatures vanquished.

Grand Total: 1001 creatures vanquished

Notes
Turn   | Place    | Note
-------+----------+-------------------------------------------
     0 | D:1      | Amaterasu the Deep Dwarf Fighter began the quest for the
                  | Orb.
     0 | D:1      | Reached XP level 1. HP: 20/20 MP: 1/1
    63 | D:1      | Reached skill level 3 in Axes
    75 | D:1      | Reached XP level 2. HP: 17/27 MP: 2/2
   584 | D:2      | Reached XP level 3. HP: 32/33 MP: 3/3
   704 | D:2      | Reached skill level 4 in Axes
   864 | D:2      | Found a glowing silver altar of Zin.
   865 | D:2      | Found a hazy altar of Hepliaklqana.
  1089 | D:2      | Found a sparkling altar of Nemelex Xobeh.
  1091 | D:2      | Found a burning altar of Makhleb.
  1179 | D:3      | Noticed a bullfrog
  1192 | D:3      | Killed a bullfrog
  1193 | D:3      | Reached skill level 5 in Axes
  1193 | D:3      | Reached XP level 4. HP: 39/40 MP: 4/4
  1284 | D:3      | Noticed Sigmund
  1297 | D:3      | Killed Sigmund
  1298 | D:3      | Reached skill level 5 in Armour
  1298 | D:3      | Reached XP level 5. HP: 30/50 MP: 5/5
  1298 | D:3      | Reached XP level 6. HP: 34/57 MP: 6/6
  1630 | D:2      | Became a worshipper of Makhleb the Destroyer
  2014 | D:3      | Noticed a sky beast
  2040 | D:3      | Killed a sky beast
  2041 | D:3      | Reached skill level 1 in Invocations
  2143 | D:4      | Reached skill level 6 in Axes
  2143 | D:4      | Reached XP level 7. HP: 36/66 MP: 6/6
  2177 | D:4      | Found a staircase to the Ecumenical Temple.
  2227 | D:4      | Found a sand-covered staircase.
  2239 | Ossuary  | Entered an ossuary
  2272 | Ossuary  | Reached * piety under Makhleb
  2444 | Ossuary  | Reached ** piety under Makhleb
  2550 | D:4      | Reached skill level 7 in Axes
  2596 | D:4      | HP: 2/66 [orc priest/nerve-wracking pain (10)]
  2617 | D:4      | Found Ekeufuoch's Magic Scroll Emporium.
  2759 | D:4      | Identified the +6 scale mail of the Land of Plenty {-Tele
                  | +Inv Str+4 SInv}
  2808 | D:4      | Reached skill level 5 in Fighting
  2841 | D:4      | Reached skill level 8 in Axes
  2841 | D:4      | Reached XP level 8. HP: 31/74 MP: 8/8
  3134 | D:5      | Entered Level 5 of the Dungeon
  3183 | D:5      | Reached skill level 1 in Dodging
  3465 | D:5      | Reached *** piety under Makhleb
  3736 | D:6      | Gained mutation: You passively map the area around you.
                  | [Deep Dwarf growth]
  3736 | D:6      | Reached XP level 9. HP: 85/85 MP: 11/11
  4072 | D:6      | Reached **** piety under Makhleb
  4319 | D:6      | Identified a scroll of acquirement
  4319 | D:6      | Acquired the ring of Huebron {rC+ Int+2}
  4361 | D:7      | Reached skill level 5 in Invocations
  4378 | D:7      | Found Giomaegasm's Book Boutique.
  4471 | D:7      | Found a runed translucent door.
  4488 | D:7      | Found a runed translucent door.
  4576 | D:7      | Reached skill level 9 in Axes
  5002 | D:8      | Noticed a two-headed ogre
  5010 | D:8      | Killed a two-headed ogre
  5011 | D:8      | Reached skill level 10 in Axes
  5033 | D:8      | Noticed Grum
  5035 | D:8      | Reached XP level 10. HP: 94/94 MP: 12/12
  5040 | D:8      | Reached skill level 11 in Axes
  5052 | D:8      | Killed Grum
  5538 | D:8      | Reached skill level 12 in Axes
  5620 | D:8      | Reached ***** piety under Makhleb
  5649 | D:8      | Reached skill level 1 in Evocations
  5659 | D:8      | Noticed a gargoyle
  5672 | D:8      | Killed a gargoyle
  5964 | D:9      | Noticed a six-headed hydra
  6060 | D:9      | Killed a six-headed hydra
  6123 | D:9      | Reached XP level 11. HP: 45/103 MP: 13/13
  6156 | D:9      | Found a staircase to the Lair.
  6858 | D:10     | Entered Level 10 of the Dungeon
  6915 | D:10     | Noticed Nergalle
  6930 | D:10     | Killed Nergalle
  6931 | D:10     | Reached skill level 5 in Evocations
  7029 | D:10     | Noticed a soul eater
  7045 | D:10     | Noticed a soul eater
  7498 | Lair:1   | Entered Level 1 of the Lair of Beasts
  7577 | Lair:1   | Noticed Gastronok
  7596 | Lair:1   | Killed Gastronok
  7597 | Lair:1   | Reached skill level 10 in Fighting
  7655 | Lair:1   | Found a stormy altar of Qazlal.
  7743 | Lair:1   | Reached skill level 13 in Axes
  8157 | Lair:1   | Noticed a seven-headed hydra
  8161 | Lair:1   | Killed a seven-headed hydra
  8162 | Lair:1   | Reached XP level 12. HP: 101/116 MP: 14/16
  8553 | Lair:2   | Found a hole to the Spider Nest.
  8692 | Lair:2   | Reached skill level 14 in Axes
  8774 | Lair:2   | Noticed a five-headed hydra
  8774 | Lair:2   | Noticed a seven-headed hydra
  8782 | Lair:2   | Killed a seven-headed hydra
  8782 | Lair:2   | Killed a five-headed hydra
  8814 | Lair:2   | Noticed an eight-headed hydra
  8857 | Lair:2   | Killed an eight-headed hydra
  8858 | Lair:2   | Reached skill level 15 in Axes
  8959 | Lair:2   | Found a blossoming altar of Fedhas.
 10088 | Lair:4   | Reached ****** piety under Makhleb
 10207 | Lair:4   | Found a runed translucent door.
 10218 | Lair:4   | Reached XP level 13. HP: 123/123 MP: 18/18
 10251 | Lair:4   | Found a staircase to the Shoals.
 10305 | Lair:4   | Reached skill level 5 in Dodging
 10439 | Lair:4   | Reached skill level 10 in Armour
 11773 | Lair:5   | Gained mutation: You resist negative energy. (rN+) [Deep
                  | Dwarf growth]
 11773 | Lair:5   | Reached XP level 14. HP: 114/136 MP: 18/18
 11789 | Lair:5   | Reached skill level 16 in Axes
 12220 | Lair:6   | Entered Level 6 of the Lair of Beasts
 12514 | Lair:6   | Found a viscous altar of Jiyva.
 12514 | Lair:6   | Found a staircase to the Slime Pits.
 13471 | D:11     | Found a frozen archway.
 13487 | IceCv    | Entered an ice cave
 13523 | IceCv    | Reached skill level 10 in Invocations
 13609 | IceCv    | Reached skill level 10 in Evocations
 13626 | IceCv    | Noticed a frost giant
 13646 | IceCv    | Killed a frost giant
 14437 | D:11     | Reached XP level 15. HP: 151/151 MP: 21/21
 14846 | D:11     | Noticed a storm dragon
 14847 | D:11     | Noticed a tengu reaver
 14847 | D:11     | Noticed a storm dragon
 14867 | D:11     | Killed a tengu reaver
 14872 | D:11     | Killed a storm dragon
 14887 | D:11     | Killed a storm dragon
 14993 | D:12     | Noticed Frances
 15020 | D:12     | Killed Frances
 15203 | D:12     | Noticed Rupert
 15225 | D:12     | Killed Rupert
 15246 | D:12     | Found a staircase to the Orcish Mines.
 15656 | D:12     | Found a runed translucent door.
 15847 | D:12     | Noticed septik's ghost (journeyman MiBe)
 15861 | D:12     | Killed septik's ghost
 16249 | D:13     | Found a gate to the Vaults.
 16831 | D:14     | Found a portal to a secret trove of treasure.
 17076 | D:14     | Found an ancient bone altar of Kikubaaqudgha.
 17124 | D:14     | Found a flickering gateway to a bazaar.
 17132 | Bazaar   | Entered a bazaar
 17138 | Bazaar   | Found Jeikhluy's Jewellery Shop.
 17164 | Bazaar   | Found Puavi's Antique Armour Shop.
 17422 | D:14     | Reached skill level 17 in Axes
 17719 | D:14     | Reached XP level 16. HP: 36/160 MP: 23/23
 17786 | D:15     | Entered Level 15 of the Dungeon
 17886 | D:15     | Killed from afar by a deep elf mage

Illustrated notes

Levels and vault maps discovered:
D:1:      ldierk_water_garden, layout_loops_cross,
          chequers_serial_rivers_micro_a
D:2:      layout_loops_ring, nicolae_overflow_hidden_temple
D:3:      layout_basic, minmay_misc_feat_roman, uniq_sigmund
D:4:      minmay_bubble_buster, layout_loops_ring,
          minmay_temple_entry_sparse_star, serial_shops, shop, enter_ossuary_3
D:5:      layout_cave_pools, serial_park_tiny_pond, guppyfry_early_lair_pool
D:6:      layout_basic, grunt_ministairs_12
D:7:      lemuel_insect_pit, layout_basic, serial_shops, nicolae_shop_trees,
          serial_bayou_pond_d
D:8:      nzn_winding_woodlands_small [nzn_winding_woodlands_5x15_eye,
          nzn_winding_woodlands_center_lodge,
          nzn_winding_woodlands_5x15_longhouse], layout_basic,
          chequers_serial_rivers_marsh, eino_jars, uniq_grum
D:9:      wad_river_or_something, layout_irregular_city, erik_lair_dragon,
          nicolae_underground_beach
D:10:     layout_loops_cross, uniq_nergalle
D:11:     layout_loops_ring, portal_ice_cave_entry_pillars_2, minivault_25_ag,
          chequers_serial_rivers_micro_b
D:12:     layout_basic, david_orc_2, ebering_ghost_inner_flame, uniq_rupert,
          uniq_frances
D:13:     layout_stronghold, skrybe_vaults_entry_preservation,
          small_statue_intersection
D:14:     layout_basic, basic_altar, serial_shops, bzr_entry_dummy,
          enter_trove_6, kennysheep_just_a_vault
D:15:     hangedman_slaughterboxes, serial_shops
Lair:1:   layout_small_grid, basic_altar, grunt_megastairs_3,
          serial_bayou_shore_a, uniq_gastronok
Lair:2:   layout_chaotic_city, dummy_spider_entry, tgw_fedhas,
          grunt_megastairs_2
Lair:3:   layout_small_grid, serial_bayou_shore_b
Lair:4:   layout_gridlike, minmay_shoals_entry_centaurs, pf_torpor_hydra
Lair:5:   layout_layer_cave, beast_lair_carwin_3, grunt_megastairs_4,
          infiniplex_staircase_pool
Lair:6:   minmay_lair_end_frog_pond, layout_regular_city, slime_altar_1

Skill      XL: |  1  2  3  4  5  6  7  8  9 10 11 12 13 14 15 |
---------------+----------------------------------------------+-----
Axes           | 3 5 6 8 10 12 13 15 16 17 | 17.1
Armour         | 5 6 7 9 11 | 11.7
Fighting       | 3 4 5 6 7 8 10 11 14 | 14.7
Invocations    | 1 2 4 5 6 9 10 12 | 12.0
Dodging        | 2 4 7 |  7.9
Evocations     | 4 6 9 10 12 | 12.0
Shields        | |  3.2

Action                   |  1- 3 |  4- 6 |  7- 9 | 10-12 | 13-15 | 16-18 || total
-------------------------+-------+-------+-------+-------+-------+-------++-------
Melee: War axe           |   115 |   122 |   546 |   622 |  1050 |       ||  2455
       Unarmed           |       |       |       |    25 |       |       ||    25
       Battleaxe         |       |       |       |       |   231 |    21 ||   252
Invok: Lesser Servant of |       |       |     1 |     4 |     1 |       ||     6
       Greater Servant o |       |       |       |       |     2 |       ||     2
       Major Destruction |       |       |       |       |     2 |       ||     2
 Abil: Heal Wounds       |     2 |     2 |     2 |     1 |     1 |       ||     8
Evoke: Wand              |       |       |       |    28 |    17 |       ||    45
  Use: Scroll            |     4 |     6 |     8 |     8 |     7 |     1 ||    34
       Potion            |       |       |     2 |     2 |     5 |       ||     9
 Stab: Distracted        |       |       |     3 |       |     1 |       ||     4
       Paralysed         |       |       |       |       |     9 |       ||     9
Armor: Scale mail        |    58 |    47 |    50 |       |       |       ||   155
       Plate armour      |       |       |   186 |   299 |   444 |    11 ||   940
       Skin              |       |       |    35 |    58 |   176 |       ||   269
Dodge: Dodged            |    47 |    20 |   118 |   113 |   295 |     6 ||   599
Block: Kite shield       |    67 |    50 |   256 |   447 |   789 |       ||  1609
       Reflection        |       |       |       |     3 |     8 |     2 ||    13
       Other             |       |       |       |       |    34 |     5 ||    39
